 Dungeon Crawl Stone Soup version 0.31-a0-115-g4708a659fe (webtiles) character file.

Game seed: 16388355913714301993

14 holysushi the Shooter (level 2, -1/23 HPs)
             Began as a Barachi Hunter on May 30, 2023.
             Slain by a gnoll
             ... wielding a +0 spear
              (5 damage)
             ... on level 1 of the Dungeon.
             The game lasted 00:00:54 (260 turns).

holysushi the Shooter (Barachi Hunter)               Turns: 260, Time: 00:00:55

Health: -1/23      AC:  3    Str: 12    XL:     2   Next: 41%
Magic:  2/2        EV: 12    Int:  9    God:
Gold:   0          SH:  0    Dex: 15    Spells: 1/1 levels left

rFire   . . .        a - +0 shortbow
rCold   . . .        (shield currently unavailable)
rNeg    + . .        c - +0 leather armour
rPois   .            (no helmet)
rElec   .            (no cloak)
rCorr   .            (no gloves)
SInv    .            (no boots)
Will    .....        (no amulet)
Stlth   +            g - ring of positive energy
HPRegen 0.23/turn    (no ring)
MPRegen 0.08/turn

%: no passive effects
@: weak-willed, slow
A: amphibious, slowness 1, strong legs 1, +LOS
a: Hop


You were on level 1 of the Dungeon.
You visited 1 branch of the dungeon, and saw 1 of its levels.

Inventory:

Hand Weapons
 a - a +0 shortbow (weapon)
Armour
 c - a +0 leather armour (worn)
Jewellery
 g - a ring of positive energy (left hand)
Scrolls
 b - a scroll of immolation


   Skills:
 - Level 2.4 Fighting
 + Level 4.6 Ranged Weapons
 - Level 2.1 Dodging
 - Level 0.8 Stealth


You had one spell level left.
You didn't know any spells.
Your spell library was empty.

Dungeon Overview and Level Annotations

Branches:
Dungeon (1/15) Zot: 5690

Altars:


Innate Abilities, Weirdness & Mutations

You are amphibious.
You cover ground slowly.
You can hop short distances.
You have an extended range of vision and can be seen from far away.


Message History

The jackal bites you but does no damage.
The jackal barely misses you. The jackal barely misses you.
The jackal attacks as you move away! The jackal closely misses you.
The jackal bites you. The gnoll closely misses you.
The jackal attacks as you move away! The jackal closely misses you.
The jackal bites you. The jackal attacks as you move away!
The jackal closely misses you. The jackal barely misses you.
The jackal barely misses you. The gnoll closely misses you.
The jackal attacks as you move away!
The jackal bites you but does no damage.
You are starting to lose your buoyancy.
The jackal barely misses you. The jackal completely misses you.
The jackal attacks as you move away! The jackal barely misses you.
The jackal attacks as you move away!
The jackal bites you but does no damage. x2
The jackal bites you but does no damage.
The jackal closely misses you.
You float gracefully downwards.
The jackal bites you.
Your enlightenment fades.
You aren't carrying any items that you can evoke.
Unknown command.
The jackal bites you but does no damage.
The gnoll hits you from afar with a +0 spear.
Okay, then.
As you read the scroll labelled AHE ENELAS, it crumbles to dust.
Magic quickly surges around you.
It was a scroll of vulnerability.
The jackal barely misses you.
The gnoll hits you from afar with a +0 spear.
* * * LOW HITPOINT WARNING * * *
The jackal barely misses you.
As you read the scroll labelled EDEGIBRU WYOB, it crumbles to dust.
It is a scroll of identify.
You don't currently have any unidentified items.
The jackal bites you.
* * * LOW HITPOINT WARNING * * *
The gnoll hits you from afar with a +0 spear.
You die...

##.## #.#
##.~.P..~P..~#
### #.#
#...~......#.
#.##
#.....PP...#~
#..#
#....PP..~P~~
#.##
##....~.~P..#
#.##
#....~P..###
#g.#
##....P..###
#h##
###.......)
#@# ##).....##
#.#
##.....####
#.## ##....###
#..# ##...###
##.#
#†#.......†#
#.#
#.##.......#
#.#
#.###.......
#.# #.#
#...... #.#
#.# .....#


You could see a gnoll (weak-willed) and a jackal (weak-willed).

Vanquished Creatures
  2 endoplasms (D:1)
  A giant cockroach (D:1)
  A goblin (D:1)
  2 hobgoblins (D:1)
  2 jackals (D:1)
  A ball python (D:1)
  A bat (D:1)
  2 frilled lizards (D:1)
12 creatures vanquished.

Notes
Turn   | Place    | Note
-------+----------+-------------------------------------------
     0 | D:1      | holysushi the Barachi Hunter began the quest for the Orb.
     0 | D:1      | Reached XP level 1. HP: 17/17 MP: 1/1
    87 | D:1      | Reached XP level 2. HP: 20/23 MP: 2/2
   260 | D:1      | Slain by a gnoll

Illustrated notes

Levels and vault maps discovered:
D:1:      lemuel_arrival_muddy, layout_loops_ring

Action                     || total
---------------------------++-------
   Fire: Shortbow          ||    37
    Use: Scroll            ||     2
         Potion            ||     2
 Armour: Leather armour    ||    15
  Dodge: Dodged            ||    38

Table legend: (Time is in decaauts)
 A = Elapsed time spent in this place.
 B = Non-inter-level travel time spent in this place.
 C = Inter-level travel time spent in this place.
 D = Time resting spent in this place.
 E = Time spent auto-exploring this place.
 F = Levels seen in this place.
 G = Mean time per level.
                   A        B        C        D        E       F      G
               +--------+--------+--------+--------+--------+-----+--------+
         Total |    308 |    308 |      0 |     10 |    128 |   1 |  308.0 |
       Dungeon |    308 |    308 |      0 |     10 |    128 |   1 |  308.0 |
               +--------+--------+--------+--------+--------+-----+--------+

Top non-repeatable levels by time:
     D:1: 308 daAuts
